 Dungeon Crawl Stone Soup version 0.28.0-43-g3370ac3207 (webtiles) character file.

Game seed: 7207100845692760898

618 Pinkishskies the Magician (level 7, 0/46 HPs)
             Began as a Djinni Fire Elementalist on Apr 1, 2022.
             Slain by a gnoll
             ... wielding a +0 spear
              (2 damage)
             ... on level 5 of the Dungeon.
             The game lasted 00:11:15 (6875 turns).

Pinkishskies the Magician (DjFE)                    Turns: 6875, Time: 00:11:16

Health: 0/46       AC:  3    Str:  7    XL:     7   Next: 74%
Gold:   160        EV:  6    Int: 18    God:
                   SH:  0    Dex: 14

rFire   + + .      SeeInvis .   (no weapon)
rCold   x . .      Faith    .   (no shield)
rNeg    . . .      Spirit   .   f - +0 leather armour
rPois   ∞          Reflect  .   (no helmet)
rElec   .          Harm     .   (no cloak)
rCorr   +          Rampage  .   (no gloves)
Will    .....                   (boots unavailable)
Stlth   ++........              (no amulet)
HPRegen 0.15/turn               d - ring of resist corrosion
MPRegen 0.00/turn               (no ring)

@: flying, held
A: sickness immunity, fire resistance 2, cold vulnerability 1, float, innate
caster, HP casting, extra vitality 1
a: no special abilities


You were on level 5 of the Dungeon.
You visited 1 branch of the dungeon, and saw 5 of its levels.

You collected 160 gold pieces.

Inventory:

Hand Weapons
 q - a +2 short sword of electrocution
Missiles
 r - 31 stones
Armour
 a - a +0 robe
 f - a +0 leather armour (worn)
 p - a +0 scale mail of cold resistance
Jewellery
 d - a ring of resist corrosion (left hand)
Wands
 g - a wand of iceblast (8)
Scrolls
 h - a scroll of noise
 i - a scroll of immolation {unknown}
 j - a scroll of amnesia
 k - a scroll of fear
 m - 2 scrolls of identify
 o - 2 scrolls of acquirement
Potions
 b - a potion of curing {unknown}
 c - a potion of brilliance {unknown}
 e - a potion of mutation {unknown}
 l - a potion of lignification {unknown}
 n - a potion of might {unknown}


   Skills:
 + Level 0.4 Fighting
 + Level 2.4 Armour
 + Level 2.5 Dodging
 + Level 2.4 Stealth
 + Level 5.7 Spellcasting


You couldn't memorise any spells.
You knew the following spells:

 Your Spells              Type           Power      Damage    Failure   Level
a - Foxfire               Conj/Fire      100%       2x1d9     1%          1
b - Scorch                Fire           50%        2d8       2%          2
c - Conjure Flame         Conj/Fire      25%        6-21      4%          3
d - Inner Flame           Hex/Fire       25%        N/A       4%          3
e - Flame Wave            Conj/Fire      25%        2d7       17%         4
f - Slow                  Hex            100%       N/A       1%          1
g - Corpse Rot            Necr/Air       50%        N/A       2%          2
h - Lesser Beckoning      Tloc           25%        N/A       4%          3
Your spell library was empty.

Dungeon Overview and Level Annotations

Branches:
Dungeon (5/15)
 Temple: D:4-7

Altars:


Innate Abilities, Weirdness & Mutations

You are immune to sickness and miasma.
You are immune to poison.
Your flesh is very heat resistant. (rF++)
You are vulnerable to cold. (rC-)
You float through the air rather than walking.
You learn spells naturally, not from books.
Your magical power is your life essence.
You have superior vitality. (+4 MHP)


Message History

You kill the ogre!
The gnoll throws a throwing net.
The throwing net barely misses you.
You conjure some foxfire!
The gnoll hits you from afar with a +0 spear!
The gnoll hits you from afar with a +0 spear.
Your foxfire dissipates!
A centaur zombie comes into view.
The foxfire hits the gnoll.
The gnoll is moderately wounded.
You conjure some foxfire!
The gnoll hits you from afar with a +0 spear!
The gnoll hits you but does no damage.
You are too injured to fight recklessly!
The foxfire hits the gnoll.
The gnoll is lightly wounded.
The foxfire hits the gnoll!
The gnoll is almost dead.
The gnoll throws a throwing net.
The throwing net hits you.
You become entangled in the net!
You see here a throwing net.
You struggle against the net.
The gnoll hits you from afar with a +0 spear. x2
* * * LOW HITPOINT WARNING * * *
You are too injured to fight recklessly!
You are too injured to fight recklessly!
You struggle against the net.
The gnoll hits you from afar with a +0 spear.
* * * LOW HITPOINT WARNING * * *
The gnoll hits you from afar with a +0 spear.
* * * LOW HITPOINT WARNING * * *
Casting: Foxfire (safe; 1% risk of failure)
Confirm with . or Enter, or press ? or * to list all spells.
You conjure some foxfire!
* * * LOW HITPOINT WARNING * * *
The foxfire hits the centaur zombie!
The centaur zombie is moderately damaged.
The gnoll hits you from afar with a +0 spear.
* * * LOW HITPOINT WARNING * * *
The gnoll hits you from afar with a +0 spear.
You die...

.... #........####
.)[.##............
.................
#...............
#...............
#....g..........
#....g.?........
#.v@.g..<.....$.
#...Z.(...........
###..........#####
#.........?..#
..............#
.....#######+#.+
..... .# ..... .#


You could see 3 gnolls and a centaur zombie (ally target).

Vanquished Creatures
  A black bear (D:4)
  An ogre (D:5)
  2 phantoms (D:4)
  Natasha (thrice) (D:3)
  An orc wizard (D:3)
  4 gnolls (D:3)
  4 adders
  An adder zombie (D:3)
  3 dart slugs
  14 orcs
  9 bats
  4 endoplasms
  5 giant cockroaches
  13 goblins
  3 hobgoblins
  7 jackals
  A quokka (D:1)
  12 ball pythons
  3 frilled lizards
  8 kobolds
  3 rats
102 creatures vanquished.

Vanquished Creatures (others)
  289 foxfires
  2 plants (D:3)
291 creatures vanquished.

Grand Total: 393 creatures vanquished

Notes
Turn   | Place    | Note
-------+----------+-------------------------------------------
     0 | D:1      | Pinkishskies the Djinni Fire Elementalist began the quest
                  | for the Orb.
     0 | D:1      | Reached XP level 1. HP: 15/15 MP: 0/0
   416 | D:1      | Reached XP level 2. HP: 15/21 MP: 0/0
   803 | D:1      | Reached skill level 3 in Spellcasting
  1004 | D:1      | You are sucked into a shaft and drop 1 floor!
  1008 | D:2      | Reached XP level 3. HP: 20/25 MP: 0/0
  1008 | D:2      | Learned a level 1 spell: Slow
  1530 | D:2      | Reached XP level 4. HP: 25/31 MP: 0/0
  2602 | D:1      | Found a faded altar of an unknown god.
  3277 | D:3      | Reached XP level 5. HP: 29/35 MP: 0/0
  3277 | D:3      | Learned a level 2 spell: Corpse Rot
  3510 | D:3      | Reached skill level 4 in Spellcasting
  4329 | D:3      | Noticed Natasha
  4332 | D:3      | Killed Natasha
  4730 | D:3      | Noticed Natasha
  4734 | D:3      | Killed Natasha
  4735 | D:3      | Reached XP level 6. HP: 36/40 MP: 0/0
  4884 | D:3      | Reached skill level 1 in Armour
  5186 | D:3      | Noticed Natasha
  5192 | D:3      | Killed Natasha
  5916 | D:4      | Identified 2 scrolls of acquirement
  5939 | D:4      | Reached skill level 5 in Spellcasting
  6077 | D:4      | Noticed a black bear
  6121 | D:4      | Noticed a wyvern
  6486 | D:4      | Reached XP level 7. HP: 32/45 MP: 0/0
  6486 | D:4      | Learned a level 3 spell: Lesser Beckoning
  6862 | D:5      | Entered Level 5 of the Dungeon
  6875 | D:5      | HP: 2/46 [gnoll/+0 spear (5)]
  6875 | D:5      | Slain by a gnoll

Illustrated notes

Levels and vault maps discovered:
D:1:      heliophobic_arrival_dark_side_of_the_moon, layout_loops_corners,
          shapermc_ecumenical_altar_venn
D:2:      layout_loops_ring
D:3:      layout_loops_ring, serial_co_window_serial, co_window_paths_b,
          co_window_corner_a, co_window_paths_a, co_window_of_opportunity_a,
          co_window_paths_a, co_window_paths_c, co_window_corner_b,
          co_window_broadway_b, co_window_paths_c, co_window_corner_cb,
          co_window_corner_b, co_window_of_opportunity_c, co_window_4corner_b,
          co_window_sun, glass_columns_a, glass_columns_b,
          minmay_shallow_snake_nest, uniq_natasha
D:4:      layout_basic, kennysheep_slug_shrine, portal_sewer_entry_e,
          serial_shops, kennysheep_mini, grunt_decor_cap, minmay_starry_boxes,
          uniq_robin
D:5:      layout_basic, minmay_temple_entry_enclosed_plants,
          kennysheep_generic_room_14, uniq_eustachio

Skill      XL: |  1  2  3  4  5  6 |
---------------+-------------------+-----
Spellcasting   | 3 4 5 |  5.7
Stealth        | 2 |  2.4
Armour         | 2 |  2.4
Fighting       | |  0.4
Dodging        | |  2.5

Action                   |  1- 3 |  4- 6 |  7- 9 || total
-------------------------+-------+-------+-------++-------
Melee: Unarmed           |       |     2 |       ||     2
 Cast: Foxfire           |    53 |   139 |    38 ||   230
       Scorch            |     9 |    23 |     2 ||    34
       Inner Flame       |       |     2 |       ||     2
       Corpse Rot        |       |     3 |       ||     3
       Conjure Flame     |       |     1 |       ||     1
       Slow              |       |       |     1 ||     1
  Use: Scroll            |       |     6 |       ||     6
Armor: Leather armour    |       |     7 |     1 ||     8
Dodge: Dodged            |     6 |    23 |     3 ||    32
